 Dungeon Crawl Stone Soup version 0.21.0-3-g78d12a8 (webtiles) character file.

133 sanboga the Chopper (level 4, -1/41 HPs)
             Began as a Minotaur Berserker on Jan 12, 2018.
             Was a Believer of Trog.
             Slain by an orc priest
             ... wielding a +0 dagger
              (3 damage)
             ... on level 3 of the Dungeon.
             The game lasted 00:04:35 (1853 turns).

sanboga the Chopper (Minotaur Berserker)            Turns: 1853, Time: 00:04:35

Health: -1/41      AC:  3    Str: 22    XL:     4   Next: 94%
Magic:  3/3        EV: 12    Int:  4    God:    Trog [**....]
Gold:   68         SH:  0    Dex: 10    Spells: 3/3 levels left

rFire    + . .     SeeInvis .   a - +0 hand axe
rCold    x . .     Gourm    .   (no shield)
rNeg     . . .     Faith    .   d - +0 leather armour
rPois    .         Spirit   .   (helmet restricted)
rElec    .         Reflect  .   (no cloak)
rCorr    .         Harm     .   (no gloves)
MR       .....                  (no boots)
Stlth    +.........             (no amulet)
HPRegen  0.13/turn              g - ring of fire
MPRegen  0.08/turn              (no ring)

@: berserk cooldown, slowed, very slow
A: retaliatory headbutt, horns 2
a: Berserk, Trog's Hand, Burn Spellbooks, Renounce Religion


You were on level 3 of the Dungeon.
You worshipped Trog.
Trog was pleased with you.
You were hungry.

You visited 1 branch of the dungeon, and saw 3 of its levels.

You collected 68 gold pieces.

Inventory:

Hand Weapons
 a - a +0 hand axe (weapon)
Armour
 d - a +0 leather armour (worn)
Jewellery
 g - a ring of fire (left hand)
Scrolls
 b - a scroll of enchant weapon {unknown}
 e - a scroll of fear {unknown}
 f - 2 scrolls of teleportation {unknown}
Comestibles
 c - 2 rations
 h - a chunk of flesh


   Skills:
 + Level 4.8 Fighting
 + Level 5.3 Axes
 + Level 3.3 Armour
 - Level 2.5 Dodging


You had 3 spell levels left.
You didn't know any spells.

Dungeon Overview and Level Annotations

Branches:
Dungeon (3/15)

Altars:
Elyvilon


Innate Abilities, Weirdness & Mutations

You reflexively headbutt those who attack you in melee.
You have a pair of horns on your head.


Message History

* * * LOW HITPOINT WARNING * * *
The ball python constricts you. The ball python bites you.
* * * LOW HITPOINT WARNING * * *
The ball python constricts you.
You hit the ball python.
You kill the ball python!
Trog accepts your kill.
The orc priest hits you but does no damage.
You hit the orc priest.
The orc priest is lightly wounded.
You hit the orc. The orc priest completely misses you. You furiously retaliate!
You headbutt the orc priest. The orc hits you with a flail.
* * * LOW HITPOINT WARNING * * *
You completely miss the orc priest.
The orc priest is moderately wounded.
You hit the orc.
You kill the orc!
Trog accepts your kill. The orc priest hits you with a dagger.
You die...

. ### .. #.. ...
#.#### .... #.#..
# .....
#<#.###.##
......#.#)....:.
.......).)..#.#
.......).@....#
######...o)......
#.......###.
#.......#
#######(# .# . ..


You could see an orc priest.

Vanquished Creatures
  2 orc wizards (D:3)
  An adder (D:2)
  A worm (D:2)
  A leopard gecko (D:1)
  11 orcs (D:3)
  3 ball pythons
  8 bats
  4 giant cockroaches
  3 goblins (D:1)
  2 hobgoblins (D:2)
  2 jackals (D:1)
  7 kobolds
  A quokka (D:3)
  5 frilled lizards
  2 rats
53 creatures vanquished.

Notes
Turn   | Place    | Note
-------+----------+-------------------------------------------
     0 | D:1      | sanboga the Minotaur Berserker began the quest for the Orb.
     0 | D:1      | Reached XP level 1. HP: 19/19 MP: 0/0
   353 | D:1      | Reached XP level 2. HP: 27/27 MP: 1/1
   774 | D:1      | Reached skill level 4 in Axes
  1102 | D:2      | Reached * piety under Trog
  1113 | D:2      | Reached XP level 3. HP: 33/33 MP: 2/2
  1244 | D:2      | Found a white marble altar of Elyvilon.
  1834 | D:3      | Reached XP level 4. HP: 21/41 MP: 3/3
  1837 | D:3      | Reached skill level 5 in Axes
  1848 | D:3      | Reached ** piety under Trog
  1850 | D:3      | HP: 2/41 [ball python (1)]
  1853 | D:3      | Slain by an orc priest

Skill      XL: |  1  2  3  4 |
---------------+-------------+-----
Fighting       | 4 |  4.8
Axes           | 4 5 |  5.3
Armour         | 3 |  3.3
Dodging        | |  2.5

Action                   |  1- 3 |  4- 6 || total
-------------------------+-------+-------++-------
Melee: Hand axe          |    89 |    15 ||   104
       Headbutt          |     5 |     2 ||     7
Invok: Berserk           |     1 |       ||     1
  Use: Scroll            |     2 |       ||     2
       Potion            |     1 |       ||     1
  Eat: Chunk             |     3 |       ||     3
Armor: Animal skin       |    11 |       ||    11
       Leather armour    |    14 |     5 ||    19
Dodge: Dodged            |    59 |    11 ||    70
